 Dungeon Crawl Stone Soup version 0.30.0-29-ga12c61a403 (webtiles) character file.

Game seed: 9492351149733368201

51 Graphine the Trooper (level 3, 0/34 HPs)
             Began as a Hill Orc Fighter on June 22, 2023.
             Was an Initiate of the Shining One.
             Slain by a gnoll
             ... wielding a +0 flail
              (8 damage)
             ... on level 2 of the Dungeon.
             The game lasted 00:01:46 (1027 turns).

Graphine the Trooper (Hill Orc Fighter)             Turns: 1027, Time: 00:01:47

Health: 0/34       AC: 10    Str: 20    XL:     3   Next: 83%
Magic:  3/3        EV:  9    Int:  8    God:    the Shining One [......]
Gold:   78         SH:  4    Dex: 10    Spells: 2/2 levels left

rFire   . . .        a - +0 war axe
rCold   . . .        c - +0 buckler
rNeg    . . .        b - +1 scale mail
rPois   .            i - +1 hat
rElec   .            (no cloak)
rCorr   .            (no gloves)
SInv    .            g - +0 pair of boots
Will    .....        (no amulet) Stlth
                     (no ring)
HPRegen 0.25/turn    (no ring)
MPRegen 0.08/turn

%: no passive effects
@: glowing
A: no striking features
a: Renounce Religion


You were on level 2 of the Dungeon.
You worshipped the Shining One.
The Shining One was noncommittal.
You visited 1 branch of the dungeon, and saw 2 of its levels.

You collected 78 gold pieces.

Inventory:

Hand Weapons
 a - a +0 war axe (weapon)
 e - a +2 dagger of holy wrath
Armour
 b - a +1 scale mail (worn)
 c - a +0 buckler (worn)
 g - a +0 pair of boots (worn)
 i - a +1 hat (worn)
Scrolls
 j - a scroll of summoning
Potions
 d - a potion of might
 f - a potion of curing {unknown}
 h - a potion of haste {unknown}


   Skills:
 + Level 4.3 Fighting
 + Level 3.8 Axes
 + Level 3.9 Armour
 - Level 3.3 Shields
 + Level 0.2 Invocations


You had 2 spell levels left.
You didn't know any spells.
Your spell library was empty.

Dungeon Overview and Level Annotations

Branches:
Dungeon (2/15)

Altars:
The Shining One


Message History

The gnoll barely misses you. The gnoll hits you with a +0 flail.
You block the gnoll's attack.
You barely miss the gnoll.
The gnoll is moderately wounded.
You closely miss the gnoll. You block the gnoll's attack.
The gnoll hits you with a +0 flail.
You hit the gnoll.
The gnoll is severely wounded.
You barely miss the gnoll. The gnoll hits you but does no damage.
The gnoll barely misses you.
You closely miss the gnoll.
The gnoll is severely wounded.
You barely miss the gnoll. The gnoll hits you but does no damage.
The gnoll misses you. The gnoll hits you with a +0 flail!
The gnoll closely misses you.
You are too injured to fight recklessly!
You are too injured to fight recklessly!
Cleave: a) +0 war axe
Press: ? - help, Dir - move target, f - gnoll
Aim: a gnoll, wielding a +0 flail (severely wounded, about 40% to evade your +0 war axe)
You closely miss the gnoll.
The gnoll is severely wounded.
You closely miss the gnoll. You block the gnoll's attack.
The gnoll hits you with a +0 flail.
Cleave: a) +0 war axe
Press: ? - help, Dir - move target, f/p - gnoll
Aim: a gnoll, wielding a +0 flail (severely wounded, about 40% to evade your +0 war axe)
You closely miss the gnoll.
The gnoll is severely wounded.
You closely miss the gnoll. The gnoll barely misses you.
The gnoll hits you but does no damage.
Cleave: a) +0 war axe
Press: ? - help, Dir - move target, f/p - gnoll
Aim: a gnoll, wielding a +0 flail (severely wounded, about 40% to evade your +0 war axe)
You barely miss the gnoll.
The gnoll is severely wounded.
You hit the gnoll but do no damage. The gnoll hits you with a +0 flail.
* * * LOW HITPOINT WARNING * * *
The gnoll hits you with a +0 flail!
You die...

#.# ### #.# #.# #.# ##
#.# #. #.# #g## #.# #g@#
####.
######.#########.#......
..............<....#
######.#############
######.# <......#
########


You could see 2 gnolls.

Vanquished Creatures
  An adder (D:2)
  3 ball pythons
  4 endoplasms (D:1)
  4 goblins
  5 hobgoblins
  3 jackals (D:2)
  8 kobolds
  2 quokkas
  3 bats
  A frilled lizard (D:1)
  A rat (D:1)
35 creatures vanquished.

Notes
Turn   | Place    | Note
-------+----------+-------------------------------------------
     0 | D:1      | Graphine the Hill Orc Fighter began the quest for the Orb.
     0 | D:1      | Reached XP level 1. HP: 19/19 MP: 1/1
   119 | D:1      | Reached XP level 2. HP: 27/27 MP: 2/2
   308 | D:1      | Reached skill level 4 in Fighting
   383 | D:1      | Reached XP level 3. HP: 33/33 MP: 3/3
   818 | D:2      | Found a glowing golden altar of the Shining One.
   833 | D:2      | Became a worshipper of the Shining One
  1027 | D:2      | Slain by a gnoll

Illustrated notes

Levels and vault maps discovered:
D:1:      dpeg_arrival_rooms_b, layout_loops_ring
D:2:      layout_loops_ring, basic_altar, serial_shops,
          nicolae_shop_back_alley_shop

Skill      XL: |  1  2 |
---------------+-------+-----
Axes           | 3 |  3.8
Fighting       | 4 |  4.3
Armour         | |  3.9
Shields        | |  3.3
Invocations    | |  0.2

Action                     || total
---------------------------++-------
  Melee: War axe           ||   103
    Use: Scroll            ||     3
 Armour: Scale mail        ||    51
  Dodge: Dodged            ||    65
  Block: Buckler           ||    23
